 Dungeon Crawl Stone Soup version 0.14.0-15-g6b16f67 (webtiles) character file.

4541 Ragg the Grappler (level 10, -3/102 HPs)
             Began as a Troll Monk on Apr 17, 2014.
             Was an Elder of Okawaru.
             Slain by a black mamba (10 damage)
             ... on Level 1 of the Lair of Beasts.
             The game lasted 00:24:49 (7068 turns).

Ragg the Grappler (Troll Monk)                      Turns: 7068, Time: 00:24:49

HP  -3/102       AC 10     Str 21      XL: 10   Next:  9%
MP   4/4         EV  9     Int  9      God: Okawaru [****..]
Gold 318         SH 28     Dex 12      Spells:  0 memorised,  9 levels left

rFire  . . .     SeeInvis +       - Unarmed
rCold  . . .     Clarity  +     P - +2 robe
rNeg   . . .     Conserve .     O - +0 large shield
rPois  .         rCorr    .     (helmet restricted)
rElec  .         rRot     .     s - +2 cloak
SustAb . .       Spirit   .     (gloves unavailable)
rMut   .         Warding  .     (boots unavailable)
Gourm  +         Stasis   .     K - amulet of clarity
MR     .....                    L - ring of regeneration
                                u - ring of see invisible

@: lethally poisoned, not resistant to hostile enchantments, unstealthy
A: unfitting armour, claws 3, fast metabolism 3, gourmand, regeneration 2,
saprovore 2, shaggy fur 1, tough skin 2
a: Heroism, Renounce Religion


You were on level 1 of the Lair of Beasts.
You worshipped Okawaru.
Okawaru was greatly pleased with you.
You were full.

You visited 3 branches of the dungeon, and saw 10 of its levels.

You collected 318 gold pieces.

Inventory:

Hand weapons
 M - a +0 blowgun
Missiles
 y - 40 poisoned needles
 B - 3 needles of confusion
 T - 2 large rocks (quivered)
Armour
 s - a +2 cloak (worn)
 O - a +0 large shield (worn)
 P - a +2 robe (worn)
Magical devices
 w - a wand of fire (0)
 A - a wand of magic darts (7)
 D - a wand of hasting (6)
 Q - a wand of random effects (13)
 V - a wand of lightning (2)
 Z - a wand of fireball (3) {unknown}
Comestibles
 b - 6 meat rations
 n - 10 bread rations
 r - a pear
 W - 7 oranges
 Y - 7 strawberries
Scrolls
 c - 3 scrolls of remove curse
 d - 3 scrolls of fog
 e - 4 scrolls of recharging
 f - 5 scrolls of enchant armour
 h - 4 scrolls of teleportation {unknown}
 i - 2 scrolls of identify
 k - a scroll of amnesia {unknown}
 m - 2 scrolls of immolation {unknown}
 o - a scroll of enchant weapon II {unknown}
 p - a scroll of fear {unknown}
 t - a scroll of vulnerability {unknown}
 x - a scroll of enchant weapon I {unknown}
 z - 2 scrolls of magic mapping
 I - a scroll of noise
 N - a scroll of blinking {unknown}
 S - 2 scrolls of acquirement {unknown}
Jewellery
 a - an uncursed ring of fire
 u - a ring of see invisible (left claw)
 C - an uncursed amulet of stasis
 K - an amulet of clarity (around neck)
 L - a ring of regeneration (right claw)
 R - an uncursed ring of magical power
Potions
 g - a potion of brilliance
 j - 3 potions of flight
 l - 4 potions of haste
 q - 4 potions of restore abilities
 v - 2 potions of agility
 E - 3 potions of curing
 F - a potion of cure mutation
 G - 4 potions of heal wounds
 H - a potion of experience
 J - a potion of might
Books
 U - a book of Callings

   Spells                             Type                      Level
   Summon Small Mammal                Summoning                    1
   Call Imp                           Summoning                    2
   Call Canine Familiar               Summoning                    3
   Summon Guardian Golem              Hexes/Summoning              4
   Summon Lightning Spire             Summoning/Air                4
   Summon Ice Beast                   Ice/Summoning                4
 X - a Grand Grimoire {highlevel, unknown}

   This book is beyond your current level of understanding.

   Spells                             Type                      Level
   Aura of Abjuration                 Summoning                    6
   Forceful Dismissal                 Summoning                    6
   Haunt                              Necromancy/Summoning         7
   Summon Greater Demon               Summoning                    7
   Malign Gateway                     Summoning/Translocation      7
   Summon Horrible Things             Summoning                    8


   Skills:
 + Level 7.2 Fighting
 + Level 7.3 Dodging
 - Level 1.1 Stealth
 + Level 3.0 Shields
 + Level 9.2 Unarmed Combat


You had 9 spell levels left.
You didn't know any spells.

Dungeon Overview and Level Annotations

Branches:
Dungeon (8/15)             Temple (1/1) D:4            Lair (1/8) D:8

Altars:
Ashenzari
Cheibriados
Dithmenos
Elyvilon
Fedhas
Kikubaaqudgha
Makhleb
Nemelex Xobeh
Okawaru
Sif Muna
Trog
Vehumet
Xom
Yredelemnul
Zin
The Shining One


Innate Abilities, Weirdness & Mutations

You are too large for most types of armour.
You have claws for hands.
Your metabolism is lightning-fast.
You like to eat raw meat.
You heal very quickly.
You can eat rotten meat.
You are covered in fur (AC +1).
You have very tough skin (AC +2).


Message History

* * * LOW HITPOINT WARNING * * *
You feel sick. You block the black mamba's attack.
You feel sick.
The black mamba is no longer bleeding.
The black mamba closely misses you.
You feel sick.
You feel sick. The black mamba closely misses you.
You feel sick. The black mamba barely misses you.
You feel sick. You block the black mamba's attack.
You feel sick.
You feel sick. You block the black mamba's attack.
The black mamba bites you but does no damage.
You feel sick. The black mamba bites you.
* * * LOW HITPOINT WARNING * * *
A jackal comes into view.
The black mamba barely misses you.
You feel sick. You block the jackal's attack.
The black mamba closely misses you. The jackal barely misses you. x2
You feel sick. The black mamba bites you!
You die...

.................#
####.#P#.###...#.# #
#########.....#
#####.#....#.## ##
#.............## .#
##.########...f# .#
###..# ####..##
.###.#..#####.#...####
..#.............@....#
.##............hS.#..#
>####...##f>...r.##..#
.#####.####......# .#
........# ##f....# #
.#......# ###.#r#
........# ##..#
......### ##.##
.[[#...# #...#


You could see a black mamba, 2 green rats and a jackal.

Vanquished Creatures
  Pikel (D:4)
  A wandering mushroom (D:8)
  A spriggan (D:7)
  A hippogriff (D:7)
  A shark (Lair:1)
  2 wargs (D:8)
  Edmund (D:7)
  A porcupine (Lair:1)
  2 ice beasts
  2 orc warriors
  The ghost of Ragg the Ruffian, an average TrMo (D:3)
  2 sky beasts
  2 slaves (D:4)
  An ogre (D:6)
  3 centaurs
  Sigmund (D:2)
  A giant slug (Lair:1)
  A giant frog (D:7)
  A scorpion (D:4)
  An electric eel (Lair:1)
  3 wights (D:6)
  A crimson imp (D:5)
  A centaur zombie (D:6)
  A jelly (D:6)
  5 hounds
  5 orc wizards
  4 iguanas
  7 orc priests
  4 worker ants
  6 sheep (Lair:1)
  Ijyb (D:7)
  A hound zombie (D:7)
  12 adders
  4 gnolls (D:5)
  2 green rats (Lair:1)
  A giant mite (D:1)
  2 worms
  2 shadow imps
  An adder zombie (D:6)
  3 giant eyeballs (D:4)
  5 giant geckos
  27 orcs
  A ball python (D:5)
  15 bats
  A bat skeleton (D:7)
  3 giant cockroaches
  17 hobgoblins
  19 jackals
  9 kobolds
  2 quokkas
  4 giant newts
  9 goblins
  An orc zombie (D:8)
  23 rats
  A rat zombie (D:6)
  A spectral orc (D:2)
  3 ballistomycetes (D:8)
234 creatures vanquished.

Vanquished Creatures (others)
  A slave (D:4)
  A human (D:5)
  An orc priest (D:4)
  3 orcs (D:4)
  A giant spore (D:8)
  A fungus (D:8)
8 creatures vanquished.

Grand Total: 242 creatures vanquished

Notes
Turn   | Place    | Note
--------------------------------------------------------------
     0 | D:1      | Ragg, the Troll Monk, began the quest for the Orb.
     0 | D:1      | Reached XP level 1. HP: 22/22 MP: 1/1
    48 | D:1      | Reached XP level 2. HP: 29/29 MP: 1/1
   405 | D:1      | Reached XP level 3. HP: 36/36 MP: 2/2
  1268 | D:2      | Noticed Sigmund
  1290 | D:2      | Killed Sigmund
  1290 | D:2      | Reached XP level 4. HP: 8/45 MP: 2/2
  1368 | D:2      | Reached XP level 5. HP: 53/53 MP: 2/2
  1426 | D:2      | Found a basalt altar of Yredelemnul.
  1729 | D:3      | Noticed Ragg's ghost (average TrMo)
  1743 | D:3      | Killed Ragg's ghost
  1743 | D:3      | Reached skill level 5 in Unarmed Combat
  1747 | D:3      | Reached XP level 6. HP: 48/62 MP: 3/3
  2531 | D:4      | Paralysed by a giant eyeball for 2 turns
  2627 | D:4      | Noticed Pikel
  2659 | D:4      | Killed Pikel
  2659 | D:4      | Reached skill level 6 in Unarmed Combat
  2659 | D:4      | Reached XP level 7. HP: 46/71 MP: 3/3
  2801 | D:4      | Paralysed by a giant eyeball for 2 turns
  2808 | D:4      | Paralysed by a giant eyeball for 2 turns
  2996 | D:4      | Reached skill level 5 in Fighting
  2996 | D:4      | Reached skill level 5 in Dodging
  3000 | D:4      | Found a staircase to the Ecumenical Temple.
  3016 | Temple   | Entered the Ecumenical Temple
  3185 | Temple   | Became a worshipper of Warmaster Okawaru
  3185 | Temple   | Acquired Okawaru's first power
  3371 | D:4      | Found a radiant altar of Vehumet.
  3417 | D:5      | Entered Level 5 of the Dungeon
  3488 | D:5      | Reached XP level 8. HP: 58/80 MP: 3/3
  3976 | D:5      | Reached skill level 7 in Unarmed Combat
  4068 | D:5      | Found an ancient bone altar of Kikubaaqudgha.
  4068 | D:5      | Noticed a human
  4072 | D:5      | Killed a human
  4469 | D:6      | Found a white marble altar of Elyvilon.
  4469 | D:6      | Found a glowing silver altar of Zin.
  4630 | D:6      | Found a deep blue altar of Sif Muna.
  4986 | D:6      | Reached XP level 9. HP: 76/89 MP: 4/4
  5064 | D:6      | Reached skill level 8 in Unarmed Combat
  5276 | D:7      | Noticed Ijyb
  5290 | D:7      | Killed Ijyb
  5577 | D:7      | Noticed Edmund
  5604 | D:7      | Killed Edmund
  5604 | D:7      | Reached skill level 1 in Shields
  5613 | D:7      | Found a glowing silver altar of Zin.
  6248 | D:8      | Reached skill level 9 in Unarmed Combat
  6267 | D:8      | Found a staircase to the Lair.
  6525 | Lair:1   | Entered Level 1 of the Lair of Beasts
  6730 | Lair:1   | Reached XP level 10. HP: 102/102 MP: 4/4
  7035 | Lair:1   | Noticed a black mamba
  7064 | Lair:1   | HP: 5/102 [black mamba (6)]
  7068 | Lair:1   | Slain by a black mamba

Action                   |  1- 3 |  4- 6 |  7- 9 | 10-12 || total
-------------------------+-------+-------+-------+-------++-------
Melee: Unarmed           |   146 |   126 |   479 |    60 ||   811
Evoke: Wand              |       |       |     4 |       ||     4
  Use: Scroll            |       |     6 |     1 |     9 ||    16
 Stab: Sleeping          |     5 |       |     2 |       ||     7
       Distracted        |       |       |     2 |       ||     2
